 Dungeon Crawl Stone Soup version 0.31-a0-948-gf5be29c462 (webtiles) character file.

Game seed: 8396085793757325411

7389 BinkBink the Marksspriggan (level 10, -9/46 HPs)
             Began as a Spriggan Hunter on Oct 21, 2023.
             Was a High Priest of Qazlal.
             Mangled by a hornet (12 damage)
             ... while paralysed by a hornet
             ... on level 10 of the Dungeon.
             The game lasted 00:18:49 (10480 turns).

BinkBink the Marksspriggan (Spriggan Hunter)       Turns: 10480, Time: 00:18:49

Health: -9/46      AC:  6    Str:  7    XL:     10   Next: 92%
Magic:  11/11      EV:  4    Int: 11    God:    Qazlal [*****.]
Gold:   442        SH:  0    Dex: 29    Spells: 9/9 levels left

rFire   + . .        a - +2 shortbow
rCold   . . .        (shield currently unavailable)
rNeg    + . .        b - +2 robe {rF+}
rPois   .            (helmet restricted)
rElec   .            g - +1 cloak
rCorr   .            (gloves unavailable)
SInv    +            (boots unavailable)
Will    +....        j - amulet of the acrobat
Stlth   +            k - ring of positive energy
HPRegen 0.27/turn    q - +6 ring of dexterity
MPRegen 0.12/turn

%: repel missiles, acrobat
@: paralysed, lethally poisoned (-9 -> -12), slowed, very quick
A: very small, no large weapons, unfitting armour, see invisible, speed 3
a: Renounce Religion, Upheaval, Elemental Force, Disaster Area


You were on level 10 of the Dungeon.
You worshipped Qazlal.
Qazlal was extremely pleased with you.
You visited 1 branch of the dungeon, and saw 10 of its levels.

You collected 471 gold pieces.
You spent 29 gold pieces at shops.

Inventory:

Hand Weapons
 a - a +2 shortbow (weapon)
Missiles
 y - a throwing net
Armour
 b - a +2 robe of fire resistance (worn)
 g - a +1 cloak (worn)
 D - +0 steam dragon scales
Jewellery
 c - a +4 ring of protection
 j - an amulet of the acrobat (around neck)
 k - a ring of positive energy (left hand)
 p - a ring of fire
 q - a +6 ring of dexterity (right hand)
Wands
 r - a wand of polymorph (8)
 s - a wand of mindburst (22)
 z - a wand of flame (8)
Scrolls
 f - a scroll of immolation
 l - a scroll of poison
 m - 3 scrolls of teleportation
 t - a scroll of fog
 A - a scroll of enchant weapon
Potions
 d - 3 potions of curing
 e - 3 potions of cancellation
 i - 4 potions of invisibility
 n - 2 potions of enlightenment {unknown}
 o - 2 potions of attraction
 u - 2 potions of haste
 v - 2 potions of brilliance
 w - 2 potions of might {unknown}
 x - a potion of lignification {unknown}
 B - a potion of degeneration {unknown}


   Skills:
 - Level 1.5 Fighting
 + Level 16.9 Ranged Weapons
 - Level 2.6 Dodging
 - Level 1.5 Stealth


You had 9 spell levels left.
You didn't know any spells.
Your spell library contained the following spells:

 Spells                   Type           Power      Damage    Failure   Level
 Apportation              Tloc           0%         N/A       34%         1
 Kiss of Death            Conj/Necr      0%         2d5       34%         1
 Jinxbite                 Hex            0%         N/A       47%         2
 Confusing Touch          Hex            0%         N/A       71%         3
 Dispel Undead            Necr           0%         3d6       98%         4
 Alistair's Intoxication  Tmut/Pois      0%         N/A       100%        5


Dungeon Overview and Level Annotations

Branches:
Dungeon (10/15)            Temple (0/1) D:4
   Lair: D:8-11         Orc: D:9-12

Altars:
Dithmenos
Gozag
Kikubaaqudgha
Okawaru
Qazlal
Ru
Sif Muna
Trog
Uskayaw
Vehumet
Wu Jian
Xom
Yredelemnul
Zin
The Shining One

Shops:
D:3 (   D:7 *

Annotations:
D:3 2 transporters
D:7 2 runed translucent doors, qipq's ghost, novice FeCj
D:9 2 transporters, dertzug's ghost, journeyman DrSh


Innate Abilities, Weirdness & Mutations

You are very small and have problems with some larger weapons.
You are too small for most types of armour.
You have supernaturally acute eyesight. (SInv)
You cover ground extremely quickly. (Speed+++)


Message History

The hornet completely misses you.
You hear a bellow!
You shoot an arrow. The arrow hits the hornet!
The hornet is severely wounded.
You shoot an arrow. The arrow barely misses the hornet.
The arrow hits the wraith but does no damage.
The wraith is moderately damaged.
The hornet barely misses you. The hornet attacks as it pursues you!
The hornet misses you.
You shoot an arrow. The arrow barely misses the hornet.
You hear a bellow!
The hornet stings you!
You suddenly lose the ability to move!
The hornet stings you!
You shrug off the repeated paralysis!
The hornet stings you!
You shrug off the repeated paralysis!
The wraith hits you but does no damage.
You can move again.
You hear a bellow!
The hornet stings you!
* * * LOW HITPOINT WARNING * * *
You are lethally poisoned!
You feel yourself slow down.
* * * LOW HITPOINT WARNING * * *
You feel sick. The hornet closely misses you. The wraith completely misses you.
You feel much better.
You feel yourself speed up.
You feel very sick.
You hear a bellow!
The hornet stings you.
You shrug off the repeated paralysis!
You block the wraith's attack. The hornet misses you. The wraith hits you!
* * * LOW HITPOINT WARNING * * *
The wraith drains your vigour!
You feel yourself slow down.
You feel much better.
You feel sick. The hornet misses you. The hornet stings you!
You suddenly lose the ability to move!
The wraith hits you! The hornet stings you!
* * * LOW HITPOINT WARNING * * *
You feel as though you will be slow longer.
You feel sick. The wraith hits you!
* * * LOW HITPOINT WARNING * * *
The hornet stings you!
You die...

#.......#
#.......#
#.......# .#
#.......# .#
#.......# ..#
#...##..# ..#
###+##.§###..##
+.○..§....#
#°.@......#
#.W.y°....#
##.§.##.#...
##+## ## #


You could see a hornet and a wraith.

Vanquished Creatures
  A two-headed ogre (D:9)
  Pikel (D:7)
  Joseph (D:9)
  Jeremiah (D:8)
  Psyche (D:10)
  A hornet (D:9)
  3 steam dragons
  7 yaks
  Menkaure (D:5)
  4 vampire mosquitoes
  Duvessa (D:4)
  2 water moccasins (D:6)
  2 ice beasts (D:6)
  A black bear (D:6)
  4 orc warriors
  2 ogres
  2 centaurs
  2 phantoms
  2 kobold brigands
  A lemure (D:7)
  3 bullfrogs
  3 scorpions
  Dowan (D:4)
  3 killer bees (D:7)
  3 howler monkeys
  4 orc priests
  2 gnoll boudas
  3 hounds
  2 jellies
  Ijyb (D:3)
  Jessica (D:2)
  2 sleepcaps
  2 iguanas
  11 orc wizards
  8 gnolls
  13 adders
  2 shadow imps
  A white imp (D:7)
  A worm (D:2)
  40 orcs
  9 ball pythons
  6 endoplasms
  2 giant cockroaches
  5 hobgoblins
  16 kobolds
  2 quokkas (D:2)
  9 bats
  3 frilled lizards
  9 goblins
  4 rats
211 creatures vanquished.

Vanquished Creatures (others)
  2 kobolds (D:10)
2 creatures vanquished.

Grand Total: 213 creatures vanquished

Notes
Turn   | Place    | Note
-------+----------+-------------------------------------------
     0 | D:1      | BinkBink the Spriggan Hunter began the quest for the Orb.
     0 | D:1      | Reached XP level 1. HP: 10/10 MP: 2/2
   154 | D:1      | Reached XP level 2. HP: 14/14 MP: 3/3
   347 | D:1      | Found a faded altar of an unknown god.
   377 | D:1      | Prayed at the altar of an unknown god.
   377 | D:1      | Became a worshipper of Qazlal Stormbringer
   377 | D:1      | Reached * piety under Qazlal
  1356 | D:2      | Reached skill level 5 in Ranged Weapons
  1363 | D:2      | Reached XP level 3. HP: 18/18 MP: 4/4
  1618 | D:2      | Noticed Jessica
  1623 | D:2      | Killed Jessica
  1624 | D:2      | Reached XP level 4. HP: 22/22 MP: 5/5
  1664 | D:2      | Reached skill level 6 in Ranged Weapons
  2211 | D:3      | Reached ** piety under Qazlal
  2339 | D:3      | Reached XP level 5. HP: 25/25 MP: 6/6
  2377 | D:3      | Found a transporter.
  2392 | D:3      | Found a transporter.
  2503 | D:3      | Noticed Ijyb
  2542 | D:3      | Killed Ijyb
  2694 | D:3      | Found Fyarch's Weapon Shop.
  3034 | D:4      | Found a bloodstained altar of Trog.
  3115 | D:4      | Reached skill level 7 in Ranged Weapons
  3205 | D:4      | Found a staircase to the Ecumenical Temple.
  3230 | D:4      | Noticed Dowan
  3233 | D:4      | Noticed Duvessa
  3322 | D:4      | Noticed a phantom
  3376 | D:4      | Killed Duvessa
  3377 | D:4      | Reached XP level 6. HP: 30/30 MP: 7/7
  3389 | D:4      | Killed Dowan
  3390 | D:4      | Reached skill level 8 in Ranged Weapons
  3697 | D:5      | Entered Level 5 of the Dungeon
  3753 | D:5      | Reached XP level 7. HP: 33/33 MP: 8/8
  3794 | D:5      | Noticed Menkaure
  3829 | D:5      | Killed Menkaure
  3830 | D:5      | Reached skill level 9 in Ranged Weapons
  3963 | D:5      | Reached *** piety under Qazlal
  4012 | D:5      | Found a glowing silver altar of Zin.
  4339 | D:5      | Reached skill level 10 in Ranged Weapons
  4507 | D:5      | Reached XP level 8. HP: 34/37 MP: 9/9
  4736 | D:5      | Found an iron altar of Okawaru.
  4802 | D:5      | Found a basalt altar of Yredelemnul.
  4816 | D:5      | Found a glowing golden altar of the Shining One.
  4818 | D:5      | Found an ornate altar of the Wu Jian Council.
  4827 | D:5      | Found a shadowy altar of Dithmenos.
  5065 | D:6      | Reached skill level 11 in Ranged Weapons
  5426 | D:5      | HP: 1/37 [vampire mosquito (10)]
  5952 | D:6      | Reached skill level 12 in Ranged Weapons
  6070 | D:6      | Reached XP level 9. HP: 41/41 MP: 10/10
  6386 | D:6      | Reached skill level 13 in Ranged Weapons
  6488 | D:6      | Found an opulent altar of Gozag.
  6602 | D:7      | Found a hide-covered altar of Uskayaw.
  6621 | D:7      | Found a shimmering altar of Xom.
  6792 | D:7      | Found Murow's Assorted Antiques.
  6801 | D:7      | Bought a scroll labelled JAROPE MIPUEK for 29 gold pieces
  6984 | D:7      | Noticed Pikel
  7008 | D:7      | Killed Pikel
  7009 | D:7      | Reached skill level 14 in Ranged Weapons
  7072 | D:7      | Reached **** piety under Qazlal
  7340 | D:7      | Found a large runed translucent door.
  7358 | D:7      | Found a large runed translucent door.
  7358 | D:7      | Noticed qipq's ghost (novice FeCj)
  7414 | D:7      | Reached XP level 10. HP: 43/46 MP: 11/11
  7680 | D:7      | Found an ancient bone altar of Kikubaaqudgha.
  7688 | D:7      | Found a radiant altar of Vehumet.
  7702 | D:7      | Found a shimmering blue altar of Sif Muna.
  8187 | D:8      | Noticed Jeremiah
  8215 | D:8      | Killed Jeremiah
  8216 | D:8      | Reached skill level 15 in Ranged Weapons
  8545 | D:8      | Reached ***** piety under Qazlal
  8608 | D:8      | Found a sacrificial altar of Ru.
  9303 | D:8      | Identified a scroll of acquirement
  9303 | D:8      | Acquired an amulet of the acrobat
  9348 | D:9      | Noticed a two-headed ogre
  9401 | D:9      | Reached skill level 16 in Ranged Weapons
  9406 | D:9      | Killed a two-headed ogre
  9539 | D:9      | Noticed Joseph
  9559 | D:9      | Killed Joseph
  9700 | D:9      | Noticed a tengu warrior
  9700 | D:9      | Noticed a moth of wrath
  9701 | D:9      | Noticed dertzug's ghost (journeyman DrSh)
  9702 | D:9      | Noticed a two-headed ogre
  9711 | D:9      | Found a bloodstained altar of Trog.
  9718 | D:9      | Noticed a two-headed ogre
  9725 | D:9      | Found a transporter.
  9728 | D:9      | Found a transporter.
  9975 | D:10     | Entered Level 10 of the Dungeon
 10069 | D:10     | Noticed Psyche
 10099 | D:10     | Killed Psyche
 10474 | D:10     | Paralysed by a hornet for 1 turns
 10479 | D:10     | Paralysed by a hornet for 2 turns
 10480 | D:10     | Mangled by a hornet

Illustrated notes

Levels and vault maps discovered:
D:1:      moated_graveyard_arrival, layout_basic,
          dreamdust_ecumenical_altar_angels_and_demons, serial_park_tiny_pond
D:2:      layout_loops_ring, serial_bayou, serial_bayou_ford_a,
          serial_bayou_crossing, serial_bayou_pond_d, serial_bayou_pond_e,
          uniq_jessica
D:3:      gammafunk_wand_slinger, layout_basic, serial_shops,
          nicolae_shop_real_fake_doors, uniq_ijyb
D:4:      nicolae_cairo_tiling_large_dashed, layout_cave_pools,
          overflow_temple_1_default, minmay_temple_entry_proselytizer,
          uniq_duvessa
D:5:      layout_basic, nicolae_overflow_hallway_of_the_gods, zin_academy,
          uniq_menkaure
D:6:      layout_rooms, lemuel_round_altar, grunt_ministairs_9,
          nrook_pool_corridor
D:7:      layout_layer_cave, palyth_temple_overflow_mages,
          mainiacjoe_overflow_catwalk_spiral, ebering_ghost_disaster_area,
          serial_shops, nicolae_shop_dealshenge, uniq_pikel
D:8:      layout_loops_cross, nicolae_ru_sacrificial_ziggurat, uniq_jeremiah
D:9:      layout_cave_pools, gammafunk_ghost_wrathful_warriors,
          minmay_sticks_and_stones
D:10:     layout_gridville, minivault_19, uniq_psyche

Skill      XL: |  1  2  3  4  5  6  7  8  9 10 |
---------------+-------------------------------+-----
Ranged Weapons | 5 6 7 8 10 12 14 16 | 16.9
Fighting       | |  1.5
Dodging        | |  2.6
Stealth        | |  1.5

Action                     |  1- 3 |  4- 6 |  7- 9 | 10-12 || total
---------------------------+-------+-------+-------+-------++-------
   Fire: Shortbow          |   117 |   191 |   408 |   308 ||  1024
    Use: Scroll            |       |       |    13 |     7 ||    20
         Potion            |       |       |     1 |     2 ||     3
 Armour: Robe              |    12 |    20 |    45 |    29 ||   106
  Dodge: Dodged            |    34 |    35 |    61 |    58 ||   188
         Repelled          |       |       |       |     2 ||     2
  Block: Other             |     4 |     7 |    19 |    13 ||    43

Table legend: (Time is in decaauts)
 A = Elapsed time spent in this place.
 B = Non-inter-level travel time spent in this place.
 C = Inter-level travel time spent in this place.
 D = Time resting spent in this place.
 E = Time spent auto-exploring this place.
 F = Levels seen in this place.
 G = Mean time per level.
                   A        B        C        D        E       F      G
               +--------+--------+--------+--------+--------+-----+--------+
         Total |   7498 |   7220 |    278 |   1352 |   4333 |  10 |  749.8 |
       Dungeon |   7498 |   7220 |    278 |   1352 |   4333 |  10 |  749.8 |
               +--------+--------+--------+--------+--------+-----+--------+

Top non-repeatable levels by time:
     D:5: 1116 daAuts
     D:7: 1083 daAuts
     D:4: 953 daAuts
     D:1: 876 daAuts
     D:8: 857 daAuts
     D:6: 717 daAuts
     D:2: 593 daAuts
     D:3: 492 daAuts
     D:9: 468 daAuts
    D:10: 338 daAuts
